 Dungeon Crawl Stone Soup version 0.16-a0-2860-gef4c3f3 (webtiles) character file.

4857 Lapin the Protected (level 10, 0/136 HPs)
             Began as a Minotaur Berserker on Nov 26, 2014.
             Was a High Priest of Trog.
             Succumbed to a killer bee's poison
             ... on level 9 of the Dungeon on Nov 30, 2014.
             The game lasted 02:21:48 (12156 turns).

Lapin the Protected (Minotaur Berserker)           Turns: 12156, Time: 02:21:50

Health: 0/136      AC: 16    Str: 27    XL:     10   Next: 25%
Magic:  0/1        EV:  7    Int:  4    God:    Trog [*****.]
Gold:   478        SH:  0    Dex: 13    Spells: 0 memorised, 9 levels left

rFire  . . .     SeeInvis .     n - +1 hand axe (antimagic)
rCold  + . .     Clarity  .     N - +1 plate armour
rNeg   . . .     SustAb   +     (no shield)
rPois  .         Gourm    .     (helmet restricted)
rElec  .         Spirit   +     (no cloak)
rCorr  .         Warding  .     (no gloves)
rMut   .         Stasis   .     (no boots)
MR     .....                    j - amulet of guardian spirit
Stlth  ..........               H - ring of protection from cold
                                D - ring of sustain abilities

@: berserking, lethally poisoned, very quick, not resistant to hostile
enchantments, extremely unstealthy
A: retaliatory headbutt, horns 2
a: Burn Spellbooks, Berserk, Trog's Hand, Brothers in Arms, Renounce Religion


You were on level 9 of the Dungeon.
You worshipped Trog.
Trog was extremely pleased with you.
You were not hungry.

You visited 1 branch of the dungeon, and saw 9 of its levels.
You also visited: Sewer.

You collected 478 gold pieces.

Inventory:

Hand weapons
 n - a +1 antimagic hand axe (weapon)
 v - a +2 mace of protection
 z - a +0 hand axe
 F - a +0 hunting sling
 J - a cursed -1 spear
 Y - a +0 whip
Missiles
 g - 2 poisoned tomahawks (quivered)
 s - 7 tomahawks
 C - 3 javelins of returning
Armour
 N - a +1 plate armour (worn)
 U - a +0 plate armour
Jewellery
 j - an amulet of guardian spirit (around neck)
 t - an uncursed amulet of the gourmand
 D - a ring of sustain abilities (left hand)
 H - a ring of protection from cold (right hand)
 P - an uncursed ring of invisibility
 R - an uncursed ring of stealth
 V - an uncursed ring of wizardry
Magical devices
 d - a wand of digging (13)
 w - a wand of hasting (1)
 M - a wand of teleportation (5)
 W - a wand of paralysis (7)
Scrolls
 l - 7 scrolls of remove curse
 m - 5 scrolls of identify
 E - 4 scrolls of fear
 O - 2 scrolls of blinking
 S - a scroll of enchant armour
 X - a scroll of enchant weapon
Potions
 a - a potion of berserk rage {unknown}
 b - a potion of confusion {unknown}
 f - a potion of lignification {unknown}
 k - 2 potions of flight {unknown}
 p - a potion of might {unknown}
 q - a potion of mutation {unknown}
 r - a potion of heal wounds {unknown}
 B - 3 potions of brilliance {unknown}
 G - 2 potions of agility {unknown}
 I - 4 potions of curing {unknown}
 K - a potion of degeneration {unknown}
 L - a potion of restore abilities {unknown}
 Q - a potion of poison {unknown}
Books
 y - a book of Spatial Translocations

   Spells                             Type                      Level
   a - Apportation                    Translocation                1
   b - Blink                          Translocation                2
   c - Shroud of Golubria             Charms/Translocation         2
   d - Portal Projectile              Translocation                3
   e - Teleport Other                 Translocation                3
   f - Passage of Golubria            Translocation                4
   Trog disapproves of the use of such an item.
 A - a book of Debilitation

   Spells                             Type                      Level
   a - Corona                         Hexes                        1
   b - Slow                           Hexes                        2
   c - Inner Flame                    Hexes/Fire                   3
   d - Enslavement                    Hexes                        4
   e - Cause Fear                     Hexes                        4
   f - Leda's Liquefaction            Hexes/Earth                  4
   Trog disapproves of the use of such an item.
Comestibles
 c - 4 bread rations
 h - 3 fruits
 u - a meat ration
 T - 6 chunks of flesh


   Skills:
 + Level 9.4 Fighting
 + Level 6.8(7.8) Axes
 + Level 5.9(7.3) Maces & Flails
 + Level 1.5 Throwing
 + Level 11.5 Armour
 + Level 6.2 Dodging
 + Level 1.3 Stealth


You had 9 spell levels left.
You didn't know any spells.

Dungeon Overview and Level Annotations

Branches:
Dungeon (9/15)             Temple (0/1) D:4
   Lair: D:8-11         Orc: D:9-12

Altars:
Dithmenos
Fedhas
Gozag
Makhleb
Nemelex Xobeh
Qazlal
Ru
Trog
Vehumet
Yredelemnul
Zin


Innate Abilities, Weirdness & Mutations

You reflexively headbutt those who attack you in melee.
You have a pair of horns on your head.


Message History

Trog accepts your kill.
* * * LOW HITPOINT WARNING * * *
You feel sick.
The orc wizard mumbles some strange words.
The orc wizard blinks!
You miss the orc wizard. You headbutt the orc wizard.
The orc wizard is moderately wounded.
* * * LOW HITPOINT WARNING * * *
You feel sick. The orc wizard completely misses you.
You miss the orc wizard. You headbutt the orc wizard.
The orc wizard is heavily wounded.
* * * LOW HITPOINT WARNING * * *
You feel sick.
You hit the orc wizard.
The orc wizard's magic leaks into the air.
You headbutt the orc wizard.
You kill the orc wizard!
Trog accepts your kill.
Trog appreciates your killing of a magic user.
You die...

..##...... #.##......
♣#.##...... ♣..........
♣.......... # ♣....[.....
...## ♣♣....###.#'
.###...♣♣♣♣♣♣♣..........)
....>...@)...§..†........
##########.......#####.#.
#...............
#...............
#y.########..... #..#
#..... ....y #.....
.....#. #....# .....#y
#.....


There were no monsters in sight!

Vanquished Creatures
  A queen bee (D:9)
  A two-headed ogre (D:9)
  Eustachio (D:9)
  A deep elf mage (D:8)
  A wyvern (D:9)
  A hungry ghost (D:8)
  3 orc warriors
  A yellow wasp (D:9)
  A sky beast (D:6)
  2 phantoms
  5 ogres
  An ice beast (D:6)
  2 centaurs
  A crocodile (D:7)
  5 giant frogs
  Duvessa (D:6)
  3 scorpions
  10 killer bees (D:9)
  A quasit (D:5)
  Dowan (D:6)
  3 giant frog zombies
  3 crimson imps
  4 iguanas
  A giant frog skeleton (D:4)
  3 orc priests
  6 orc wizards
  A gnoll shaman (D:7)
  3 hounds
  2 jellies
  A centaur skeleton (D:5)
  8 worker ants
  A worker ant zombie (D:9)
  15 gnolls
  3 river rats
  5 shadow imps
  5 adders
  A white imp (D:9)
  3 giant mites
  4 worms
  An ufetubus (D:9)
  An adder skeleton (D:8)
  5 giant geckos
  28 orcs
  4 ball pythons
  2 bat skeletons
  13 goblins
  16 hobgoblins
  7 jackals
  14 kobolds
  5 quokkas
  13 bats
  13 giant cockroaches
  10 giant newts
  A quokka skeleton (D:5)
  15 rats
263 creatures vanquished.

Notes
Turn   | Place    | Note
--------------------------------------------------------------
     0 | D:1      | Lapin, the Minotaur Berserker, began the quest for the Orb.
     0 | D:1      | Reached XP level 1. HP: 19/19 MP: 1/1
   374 | D:1      | Reached XP level 2. HP: 22/27 MP: 1/1
   754 | D:1      | Reached skill level 4 in Fighting
  1283 | D:2      | Reached XP level 3. HP: 20/33 MP: 2/2
  1686 | D:2      | Acquired Trog's second power
  2042 | D:2      | Found a blossoming altar of Fedhas.
  2373 | D:3      | Reached XP level 4. HP: 41/41 MP: 2/2
  2806 | D:3      | Found a stormy altar of Qazlal.
  3094 | D:4      | Found a glowing silver altar of Zin.
  3204 | D:4      | Found a glowing drain.
  3211 | D:4      | Reached XP level 5. HP: 28/47 MP: 2/2
  3297 | Sewer    | Entered a sewer
  3721 | Sewer    | Reached skill level 5 in Fighting
  3723 | Sewer    | Reached skill level 5 in Armour
  3723 | Sewer    | Reached XP level 6. HP: 38/56 MP: 3/3
  4186 | D:4      | Reached skill level 6 in Armour
  4202 | D:4      | Reached skill level 5 in Maces & Flails
  4492 | D:4      | Found a basalt altar of Yredelemnul.
  4596 | D:4      | Found a staircase to the Ecumenical Temple.
  4632 | D:4      | Noticed a moth of wrath
  4637 | D:4      | Found a bloodstained altar of Trog.
  4659 | D:4      | Reached XP level 7. HP: 58/61 MP: 3/3
  5578 | D:5      | Entered Level 5 of the Dungeon
  5694 | D:5      | Reached skill level 7 in Armour
  6665 | D:5      | Reached skill level 8 in Armour
  6665 | D:5      | Reached XP level 8. HP: 67/71 MP: 3/3
  6851 | D:5      | Found a radiant altar of Vehumet.
  6919 | D:5      | Found a shadowy altar of Dithmenos.
  7211 | D:5      | Reached skill level 1 in Throwing
  7425 | D:6      | Reached skill level 1 in Axes
  7589 | D:6      | Found a burning altar of Makhleb.
  7696 | D:6      | Noticed Duvessa
  7699 | D:6      | Noticed Dowan
  7712 | D:6      | Killed Duvessa
  7723 | D:6      | Killed Dowan
  7943 | D:6      | Found a sparkling altar of Nemelex Xobeh.
  8041 | D:6      | Reached skill level 9 in Armour
  8694 | D:7      | Found a sacrificial altar of Ru.
  8713 | D:7      | Reached XP level 9. HP: 44/81 MP: 1/4
  8715 | D:7      | Acquired Trog's third power
  9205 | D:7      | Received a gift from Trog
  9350 | D:7      | Reached skill level 5 in Dodging
  9916 | D:7      | Reached skill level 10 in Armour
 10072 | D:8      | Upgraded the game from 0.16-a0-2710-g8b41a68 to 0.16-a0-2860-gef4c3f3
 10252 | D:8      | Reached skill level 5 in Axes
 10459 | D:8      | Reached skill level 1 in Stealth
 11632 | D:9      | Noticed Eustachio
 11700 | D:9      | Killed Eustachio
 11700 | D:9      | Reached skill level 11 in Armour
 11773 | D:9      | Reached XP level 10. HP: 58/91 MP: 0/4
 11803 | D:9      | Found an opulent altar of Gozag.
 12143 | D:9      | Received a gift from Trog
 12152 | D:9      | HP: 6/136 [poisoned by a killer bee]
 12154 | D:9      | HP: 2/136 [poisoned by a killer bee]
 12156 | D:9      | Succumbed to a killer bee's poison

Action                   |  1- 3 |  4- 6 |  7- 9 | 10-12 || total
-------------------------+-------+-------+-------+-------++-------
Melee: Mace              |    87 |   143 |   112 |       ||   342
       Hand axe          |       |       |   414 |    77 ||   491
Throw: Tomahawk          |     2 |     5 |     6 |       ||    13
Invok: Berserk           |       |     1 |     5 |     1 ||     7
  Use: Scroll            |       |     1 |     8 |     2 ||    11
  Eat: Chunk             |     8 |     6 |    12 |       ||    26
       Beef jerky        |       |     1 |       |       ||     1
       Meat ration       |       |     1 |     1 |     1 ||     3
       Bread ration      |       |       |     1 |       ||     1
       Pizza             |       |       |     1 |       ||     1
       Fruit             |       |       |     1 |       ||     1
